 Dungeon Sprint DCSS version 0.23-a0-143-g1adec7b (webtiles) character file.

3059 Faca the Impaler (level 9, -7/92 HPs)
             Began as a Merfolk Gladiator on Aug 31, 2018.
             Was an Elder of Uskayaw.
             Mangled by a six-headed hydra (12 damage)
             ... in the Dungeon (Sprint IX: "|||||||||||||||||||||||||||||").
             The game lasted 00:03:42 (826 turns).

Faca the Impaler (Merfolk Gladiator)                 Turns: 826, Time: 00:03:42

Health: -7/92      AC: 11    Str: 15    XL:     9   Next: 87%
Magic:  6/9        EV: 16    Int:  7    God:    Uskayaw [****..]
Gold:   3          SH:  0    Dex: 18    Spells: 8/8 levels left

rFire    . . .     SeeInvis .   a - +0 trident
rCold    . . .     Gourm    .   (no shield)
rNeg     . . .     Faith    .   v - +2 troll leather armour
rPois    .         Spirit   .   c - +0 helmet
rElec    .         Reflect  .   r - +0 cloak
rCorr    .         Harm     .   q - +0 pair of gloves
MR       .....     NoTele   +   (no boots)
Stlth    +.........             (no amulet)
HPRegen  0.65/turn              s - +2 ring of evasion
MPRegen  0.11/turn              t - +2 ring of protection

@: no status effects
A: change form in water, swift swim, stealthy swim
a: Stomp, Line Pass, Renounce Religion


You were in the Dungeon.
You worshipped Uskayaw.
Uskayaw was noncommittal.
You were not hungry.

You visited 1 branch You collected 3 gold pieces.

Inventory:

Hand Weapons
 a - a +0 trident (weapon)
 p - a +2 halberd of protection
Missiles
 d - 3 throwing nets (quivered)
Armour
 c - a +0 helmet (worn)
 q - a +0 pair of gloves (worn)
 r - a +0 cloak (worn)
 v - a +2 troll leather armour (worn)
Jewellery
 s - a +2 ring of evasion (left hand)
 t - a +2 ring of protection (right hand)
Wands
 o - a wand of acid (10)
Scrolls
 k - 3 scrolls of blinking
 l - 3 scrolls of remove curse
 n - a scroll of identify
 u - 2 scrolls of fog
Potions
 b - a potion of invisibility
 e - 9 potions of curing
 g - 5 potions of heal wounds
 h - a potion of haste
 i - 4 potions of magic
 m - 2 potions of mutation
Comestibles
 f - a ration
 j - a chunk of flesh


   Skills:
 + Level 16.3 Fighting
 + Level 20.5 Polearms
 - Level 2.0 Throwing
 - Level 4.0 Dodging


You had 8 spell levels left.
You didn't know any spells.
Your spell library was empty.

Dungeon Overview and Level Annotations

Branches:
Dungeon (1/1)

Altars:
Cheibriados
Dithmenos
Elyvilon
Fedhas
Gozag
Hepliaklqana
Kikubaaqudgha
Makhleb
Nemelex Xobeh
Okawaru
Qazlal
Ru
Sif Muna
Trog
Uskayaw
Vehumet
Wu Jian
Xom
Yredelemnul
Zin
The Shining One
Beogh
Jiyva
Lugonu


Message History

The six-headed hydra misses you. x3; The six-headed hydra bites you.
* * * LOW HITPOINT WARNING * * *
The six-headed hydra bites you.
* * * LOW HITPOINT WARNING * * *
The six-headed hydra bites you but does no damage.
You hit the six-headed hydra.
The six-headed hydra is severely wounded.
Uskayaw will force your foes to share their pain.
Uskayaw links your audience in an emotional bond!
You hit the six-headed hydra.
The six-headed hydra is severely wounded.
The six-headed hydra bites you.
* * * LOW HITPOINT WARNING * * *
The six-headed hydra bites you!
* * * LOW HITPOINT WARNING * * *
The six-headed hydra closely misses you.
The six-headed hydra barely misses you. The six-headed hydra bites you.
* * * LOW HITPOINT WARNING * * *
The six-headed hydra bites you!
You die...

▓▓▓▓▓▓▓▓▓▓▓▓▓▓▓▓▓▓▓▓▓▓▓▓▓▓▓▓▓▓▓▓▓
.)|..'________________________'..
▓▓▓▓▓▓▓▓▓▓▓▓▓▓▓▓▓▓▓▓▓▓▓▓▓▓▓▓▓▓▓▓▓
.................................
▓▓▓▓▓▓▓▓▓▓▓▓▓▓▓▓▓▓▓▓▓▓▓▓▓▓▓▓▓▓▓▓▓
tlFFtlD@........†.....=)
▓▓▓▓▓▓▓▓▓▓▓▓▓▓▓▓▓▓▓▓▓▓▓▓


You could see a six-headed hydra, a komodo dragon, 2 spiny frogs, a basilisk and
2 crocodiles.

Vanquished Creatures
  A hydra (D)
  3 spiny frogs (D)
  A troll (D)
  2 hippogriffs (D)
  3 porcupines (D)
  A water moccasin (D)
  A black bear (D)
  A sky beast (D)
  An ogre (D)
  A crocodile (D)
  2 bullfrogs (D)
  A howler monkey (D)
  An iguana (D)
  An adder (D)
  A shadow imp (D)
  2 orcs (D)
  2 bat zombies (D)
  A giant cockroach (D)
  A jackal (D)
  A quokka (D)
  A frilled lizard (D)
  3 rats (D)
32 creatures vanquished.

Notes
Turn   | Place    | Note
-------+----------+-------------------------------------------
     0 | D        | Faca the Merfolk Gladiator began the quest for the Orb.
     0 | D        | Reached XP level 1. HP: 16/16 MP: 1/1
     6 | D        | Reached skill level 5 in Polearms
    27 | D        | Noticed a howler monkey
    32 | D        | Reached XP level 2. HP: 18/24 MP: 2/2
    45 | D        | Reached skill level 6 in Polearms
    51 | D        | Killed a howler monkey
    51 | D        | Reached skill level 5 in Fighting
    51 | D        | Reached skill level 8 in Polearms
    51 | D        | Reached XP level 3. HP: 6/34 MP: 3/3
   308 | D        | Found a roughly hewn altar of Beogh.
   308 | D        | Found a snail-covered altar of Cheibriados.
   308 | D        | Found a shadowy altar of Dithmenos.
   308 | D        | Found a white marble altar of Elyvilon.
   308 | D        | Found a blossoming altar of Fedhas.
   308 | D        | Found an opulent altar of Gozag.
   309 | D        | Found a hazy altar of Hepliaklqana.
   310 | D        | Found a viscous altar of Jiyva.
   311 | D        | Found an ancient bone altar of Kikubaaqudgha.
   312 | D        | Found a corrupted altar of Lugonu.
   313 | D        | Found a burning altar of Makhleb.
   314 | D        | Found a sparkling altar of Nemelex Xobeh.
   315 | D        | Found an iron altar of Okawaru.
   316 | D        | Found a stormy altar of Qazlal.
   317 | D        | Found a sacrificial altar of Ru.
   318 | D        | Found a deep blue altar of Sif Muna.
   319 | D        | Found a bloodstained altar of Trog.
   320 | D        | Found a hide-covered altar of Uskayaw.
   321 | D        | Found a radiant altar of Vehumet.
   322 | D        | Found an ornate altar of the Wu Jian Council.
   323 | D        | Found a shimmering altar of Xom.
   324 | D        | Found a basalt altar of Yredelemnul.
   325 | D        | Found a glowing silver altar of Zin.
   326 | D        | Found a glowing golden altar of the Shining One.
   328 | D        | Became a worshipper of Uskayaw the Reveler
   367 | D        | Noticed a hippogriff
   367 | D        | Noticed an ogre
   368 | D        | Reached * piety under Uskayaw
   372 | D        | Killed an ogre
   372 | D        | Reached skill level 10 in Polearms
   372 | D        | Reached XP level 4. HP: 44/44 MP: 4/4
   372 | D        | Reached XP level 5. HP: 49/49 MP: 5/5
   372 | D        | Reached ** piety under Uskayaw
   374 | D        | Reached *** piety under Uskayaw
   376 | D        | Reached **** piety under Uskayaw
   379 | D        | Killed a hippogriff
   379 | D        | Reached skill level 10 in Fighting
   379 | D        | Reached skill level 13 in Polearms
   379 | D        | Reached XP level 6. HP: 58/61 MP: 6/6
   381 | D        | Reached ***** piety under Uskayaw
   398 | D        | Noticed a sky beast
   398 | D        | Noticed a hippogriff
   398 | D        | Noticed a troll
   398 | D        | Noticed a black bear
   406 | D        | Reached skill level 14 in Polearms
   409 | D        | Killed a black bear
   409 | D        | Reached XP level 7. HP: 63/68 MP: 7/7
   416 | D        | Killed a troll
   416 | D        | Reached skill level 15 in Polearms
   428 | D        | Reached ****** piety under Uskayaw
   433 | D        | Killed a hippogriff
   433 | D        | Reached skill level 16 in Polearms
   433 | D        | Reached XP level 8. HP: 25/79 MP: 8/8
   681 | D        | Noticed a spiny frog
   681 | D        | Noticed a spiny frog
   684 | D        | Noticed a five-headed hydra
   689 | D        | Reached skill level 17 in Polearms
   698 | D        | Killed a spiny frog
   705 | D        | Killed a five-headed hydra
   705 | D        | Reached skill level 15 in Fighting
   705 | D        | Reached skill level 19 in Polearms
   705 | D        | Reached XP level 9. HP: 59/89 MP: 9/9
   708 | D        | Killed a spiny frog
   713 | D        | Noticed a spiny frog
   718 | D        | Reached skill level 20 in Polearms
   728 | D        | Killed a spiny frog
   810 | D        | Noticed a spiny frog
   810 | D        | Noticed a spiny frog
   810 | D        | Noticed a komodo dragon
   810 | D        | Noticed a five-headed hydra
   826 | D        | Mangled by a six-headed hydra

Vault maps used:
D:        linesprint

Skill      XL: |  1  2  3  4  5  6  7  8  9 |
---------------+----------------------------+-----
Polearms       | 5 8 10 13 14 16 19 20 | 20.5
Fighting       | 3 5 7 10 11 13 15 16 | 16.3
Throwing       | |  2.0
Dodging        | |  4.0

Action                   |  1- 3 |  4- 6 |  7- 9 || total
-------------------------+-------+-------+-------++-------
Melee: Trident           |    43 |       |    36 ||    79
       Halberd           |     5 |    25 |    55 ||    85
Invok: Stomp             |       |       |     1 ||     1
  Use: Scroll            |       |       |     2 ||     2
       Potion            |       |       |     1 ||     1
 Stab: Paralysed         |       |     1 |     5 ||     6
Armor: Leather armour    |    10 |       |       ||    10
       Ring mail         |     1 |    12 |    20 ||    33
       Troll leather arm |       |       |    14 ||    14
Dodge: Dodged            |    23 |    14 |    62 ||    99

Table legend:
 A = Non-vault XP
 B = Vault XP
 C = Vault XP percentage of total XP
 D = Non-vault monster count
 E = Vault monster count
 F = Vault count percentage of total count
                 A         B        C        D         E       F
            +---------+---------+-------+---------+---------+-------
      Total |       0 |    4371 | 100.0 |       0 |      32 | 100.0
            +---------+---------+-------+---------+---------+-------
          D |       0 |    4371 | 100.0 |       0 |      32 | 100.0
            +---------+---------+-------+---------+---------+-------
